AoeStats
← Eugenius

Arena

506932476Analyzed
4v4 RM · 16d ago on Sep 15, 2026· 37m 14s· 8 players
Game mode
Random Map
Map size
Large (8 player)
Population
200
Speed
Normal
Resources
Standard
Victory
Conquest
Starting age
Dark Age
Ending age
Imperial Age
RankedLock teamsTeams togetherTeam positionsShared explorationLock speedFull tech treeHidden civsTurbo modeCheats
Victory
Defeat
🇲🇽 Spanish · Mexico
1750
+14
🇺🇸 Italians · United States
1746
+14
🇲🇽 Gurjaras · Mexico
1690
+16
🇵🇪 Magyars · Peru
1634
+19
🇦🇹 Cumans · Austria
1736
-17
🇩🇪 Mongols · Germany
1711
-16
🇩🇪 Ethiopians · Germany
1695
-16
🇺🇸 Teutons · United States
1652
-14
MacesB
8:55 Feudal Age
10:14 Loom
11:16 Double-Bit Axe
12:28 Horse Collar
18:58 Town Watch
20:33 Wheelbarrow
24:55 Castle Age
24:02 Scale Barding Armor
24:08 Forging
25:33 Bloodlines
25:39 Pikeman
27:42 Fletching
29:20 Bodkin Arrow
number5
6:43 Loom
9:02 Feudal Age
9:51 Double-Bit Axe
12:54 Fletching
18:48 Scale Mail Armor
26:01 Castle Age
35:13 Crossbowman
36:19 Bodkin Arrow
37:12 Padded Archer Armor
Obuk
8:53 Feudal Age
9:44 Loom
9:59 Double-Bit Axe
10:36 Horse Collar
14:07 Bloodlines
16:05 Scale Barding Armor
17:53 Wheelbarrow
17:59 Forging
18:30 Loom
35:38 Castle Age
34:14 Fletching
35:43 Light Cavalry
Xololo
5:32 Loom
9:06 Feudal Age
9:33 Town Watch
15:13 Fletching
18:58 Forging
21:07 Wheelbarrow
35:42 Double-Bit Axe
Eugenius
10:49 Feudal Age
11:45 Horse Collar
11:52 Double-Bit Axe
13:16 Bloodlines
quesarito
0:26 Loom
8:17 Feudal Age
8:48 Double-Bit Axe
12:58 Loom
13:26 Fletching
13:36 Padded Archer Armor
21:43 Castle Age
21:12 Horse Collar
21:57 Gold Mining
22:22 Bodkin Arrow
22:02 Crossbowman
24:30 Ballistics
24:48 Wheelbarrow
26:12 Hand Cart
27:18 Leather Archer Armor
30:16 Thumb Ring
36:20 Imperial Age
34:15 Heavy Plow
34:27 Bow Saw
37:12 Bracer
loco_angel
9:40 Feudal Age
9:34 Loom
19:10 Castle Age
17:54 Double-Bit Axe
24:24 Horse Collar
25:02 Padded Archer Armor
32:01 Bow Saw
40:02 Imperial Age
§Y¶# Ä
6:21 Loom
8:57 Feudal Age
15:53 Castle Age
19:28 Husbandry
Connection lost

Rejoining the realm…

Still unreachable

The connection could not be restored.

Session expired

The server has moved on; the page needs a fresh start.